 Dungeon Crawl Stone Soup version 0.30-a0-224-ge52a3cb02f (webtiles) character file.

Game seed: 11259762933704599282

145 qw the Chopper (level 5, -1/32 HPs)
             Began as a Gargoyle Fighter on Oct 9, 2022.
             Slain by a gnoll
             ... wielding a +0 spear
              (5 damage)
             ... on level 3 of the Dungeon.
             The game lasted 00:00:51 (2061 turns).

qw the Chopper (Gargoyle Fighter)                   Turns: 2061, Time: 00:00:51

Health: -1/32      AC: 10    Str: 22    XL:     5   Next: 27%
Magic:  5/5        EV:  9    Int:  8    God:
Gold:   110        SH:  4    Dex:  9    Spells: 4/4 levels left

rFire   . . .      SeeInvis .    Y - +0 war axe
rCold   . . .      Faith    .    c - +0 buckler
rNeg    + . .      Spirit   .    b - +0 scale mail
rPois   inf        Reflect  .    (no helmet)
rElec   +          Harm     .    (no cloak)
rCorr   .          Rampage  .    (no gloves)
Will    .....                    (no boots)
Stlth   ..........               (no amulet)
HPRegen 0.25/turn                (no ring)
MPRegen 0.09/turn                (no ring)

@: no status effects
A: sickness immunity, AC +4, negative energy resistance 1, electricity
resistance, torment resistance 1, petrification resistance
a: no special abilities


You were on level 3 of the Dungeon.
You visited 1 branch of the dungeon, and saw 3 of its levels.

You collected 110 gold pieces.


Innate Abilities, Weirdness & Mutations

You are immune to sickness and miasma.
Your stone body is resilient. (AC +4)
You are immune to poison.
You resist negative energy. (rN+)
You are resistant to electric shocks. (rElec)
You are resistant to unholy torment.
You are immune to petrification.


   Skills:
 - Level 3.2 Fighting
 + Level 4.6 Axes
 - Level 1.0 Throwing
 - Level 3.2 Armour
 - Level 3.2 Shields


You had 4 spell levels left.
You didn't know any spells.
Your spell library was empty.

Inventory:

Hand Weapons
 k - a +0 mace
 Y - a +0 war axe (weapon)
Missiles
 n - a javelin (quivered)
Armour
 b - a +0 scale mail (worn)
 c - a +0 buckler (worn)
Potions
 a - a potion of berserk rage {unknown}
 d - a potion of might
 l - a potion of brilliance {unknown}

Dungeon Overview and Level Annotations

Branches:
Dungeon (3/15)

Altars:


Message History

You kill the gnoll!
You barely miss the gnoll.
The gnoll hits you from afar with a +0 spear.
The gnoll hits you with a +0 whip.
You hit the gnoll.
The gnoll is almost dead.
You slash the gnoll! You block the gnoll's attack.
The gnoll hits you with a +0 whip. The gnoll hits you but does no damage.
You slash the gnoll!
You kill the gnoll!
You closely miss the gnoll.
The gnoll hits you but does no damage. x2; The gnoll barely misses you.
The gnoll hits you but does no damage. The goblin hits you but does no damage.
You barely miss the gnoll.
The gnoll is heavily wounded.
You barely miss the goblin. The goblin hits you with a +0 dagger.
The gnoll hits you with a +0 club. You block the gnoll's attack.
You hit the gnoll.
The gnoll is almost dead.
You slash the goblin!
You kill the goblin!
The gnoll hits you with a +0 club. The gnoll hits you but does no damage.
You barely miss the gnoll.
The gnoll is almost dead.
You miss the quokka. You block the quokka's attack.
The gnoll closely misses you. x2
You block the quokka's attack.
You closely miss the gnoll.
The gnoll is almost dead.
You miss the quokka. The gnoll hits you with a +0 club.
The gnoll hits you but does no damage. The quokka barely misses you.
You barely miss the gnoll.
The gnoll is almost dead.
You barely miss the quokka. The gnoll hits you with a +0 club.
The gnoll hits you from afar with a +0 spear.
You die...

#..#
######..#
#.......#
#.#####.#
#.# #(# #.#
###%##
#g@..####.#
#.r##......#
....g
#####..#
..P.P.. #
.PP....
..P....
.......
......P


You could see 2 gnolls and a quokka.

Vanquished Creatures
  A jelly (D:3)
  3 adders (D:2)
  2 gnolls (D:3)
  2 worms (D:2)
  7 endoplasms
  2 giant cockroaches
  3 goblins
  10 hobgoblins
  7 quokkas
  7 ball pythons
  6 bats
  4 frilled lizards
  3 kobolds (D:1)
  6 rats
63 creatures vanquished.

Vanquished Creatures (others)
  16 plants (D:3)
16 creatures vanquished.

Grand Total: 79 creatures vanquished

Notes
Turn   | Place    | Note
-------+----------+-------------------------------------------
     0 | D:1      | qw the Gargoyle Fighter began the quest for the Orb.
     0 | D:1      | Reached XP level 1. HP: 14/14 MP: 1/1
     0 | D:1      | 0 ||| qw: Version: 0.2-a-17-g06abaee
     0 | D:1      | 0 ||| qw: Game counter: 2267
     0 | D:1      | 0 ||| qw: Always use a shield: true
     0 | D:1      | 0 ||| qw: God list: Okawaru
     0 | D:1      | 0 ||| qw: Allow faded altars: false
     0 | D:1      | 0 ||| qw: Do Orc after D:15 true
     0 | D:1      | 0 ||| qw: Do second Lair branch before Depths: true
     0 | D:1      | 0 ||| qw: Lair rune preference: random
     0 | D:1      | 0 ||| qw: Plans: Normal, Zot:1-4, God:TSO, Crypt, Tomb,
                  | Pan, Slime:5, Hells, Abyss, Orb
     0 | D:1      | 0 ||| PLANNING D:1-11
    24 | D:1      | 24 ||| Stepping ~*~*~tactically~*~*~ (stealth).
    33 | D:1      | 33 ||| Stepping ~*~*~tactically~*~*~ (stealth).
    35 | D:1      | 35 ||| Stepping ~*~*~tactically~*~*~ (stealth).
    36 | D:1      | 36 ||| Stepping ~*~*~tactically~*~*~ (stealth).
    43 | D:1      | 43 ||| Stepping ~*~*~tactically~*~*~ (stealth).
    50 | D:1      | Reached skill level 2 in Axes
    51 | D:1      | 51 ||| Stepping ~*~*~tactically~*~*~ (stealth).
   216 | D:1      | Reached XP level 2. HP: 14/19 MP: 2/2
   513 | D:1      | 513 ||| Stepping ~*~*~tactically~*~*~ (stealth).
   514 | D:1      | 514 ||| DROPPING +0 club.
   598 | D:1      | Reached skill level 3 in Axes
   705 | D:1      | Reached XP level 3. HP: 23/23 MP: 3/3
   741 | D:1      | 741 ||| Stepping ~*~*~tactically~*~*~ (stealth).
   861 | D:1      | Reached skill level 1 in Throwing
  1023 | D:1      | 1023 ||| READING scroll labelled OMPESE JETEL.
  1024 | D:1      | 1024 ||| READING scroll labelled ELALEF OVACO.
  1025 | D:1      | 1025 ||| READING scroll labelled VUCVUO REJE.
  1026 | D:1      | 1026 ||| READING scroll labelled AFFUWN FUXE.
  1027 | D:1      | 1027 ||| READING scroll labelled AQEMIZ GUPH.
  1028 | D:1      | 1028 ||| READING scroll labelled LONAMI YGUNG.
  1029 | D:1      | 1029 ||| READING scroll labelled XOKOLUVYUS.
  1075 | D:2      | 1075 ||| Stepping ~*~*~tactically~*~*~ (stealth).
  1082 | D:2      | 1082 ||| Stepping ~*~*~tactically~*~*~ (stealth).
  1101 | D:2      | 1101 ||| Stepping ~*~*~tactically~*~*~ (stealth).
  1347 | D:2      | Reached XP level 4. HP: 23/28 MP: 4/4
  1510 | D:2      | 1510 ||| Stepping ~*~*~tactically~*~*~ (stealth).
  1632 | D:2      | 1632 ||| Stepping ~*~*~tactically~*~*~ (stealth).
  1666 | D:2      | Reached skill level 4 in Axes
  1991 | D:3      | Reached XP level 5. HP: 28/32 MP: 5/5
  1991 | D:3      | 1991 ||| STAIRDANCE
  2026 | D:3      | 2026 ||| Stepping ~*~*~tactically~*~*~ (hiding).
  2043 | D:3      | 2043 ||| Stepping ~*~*~tactically~*~*~ (stealth).
  2045 | D:3      | 2045 ||| Stepping ~*~*~tactically~*~*~ (hiding).
  2046 | D:3      | 2046 ||| Stepping ~*~*~tactically~*~*~ (hiding).
  2058 | D:3      | HP: 8/32 [gnoll/+0 club (1)]
  2061 | D:3      | Slain by a gnoll

Levels and vault maps discovered:
D:1:      lordsloth_arrival_two_stooges, layout_basic
D:2:      layout_basic
D:3:      layout_loops_ring, nicolae_grassy_gnolls

Skill      XL: |  1  2  3  4 |
---------------+-------------+-----
Axes           | 2 3 4 |  4.6
Throwing       | 1 |  1.0
Fighting       | |  3.2
Armour         | |  3.2
Shields        | |  3.2

Action                   |  1- 3 |  4- 6 || total
-------------------------+-------+-------++-------
Melee: War axe           |    92 |    58 ||   150
Throw: Javelin           |    22 |    18 ||    40
  Use: Scroll            |     7 |       ||     7
Armor: Scale mail        |    27 |    38 ||    65
Dodge: Dodged            |    29 |    42 ||    71
Block: Buckler           |    12 |    15 ||    27

Table legend:
 A = Non-vault XP
 B = Vault XP
 C = Vault XP percentage of total XP
 D = Non-vault monster count
 E = Vault monster count
 F = Vault count percentage of total count
                 A         B        C        D         E       F
            +---------+---------+-------+---------+---------+-------
      Total |     180 |      28 |  13.5 |      61 |       2 |   3.2
            +---------+---------+-------+---------+---------+-------
        D:1 |      50 |       0 |   0.0 |      33 |       0 |   0.0
        D:2 |      83 |       0 |   0.0 |      24 |       0 |   0.0
        D:3 |      47 |      28 |  37.3 |       4 |       2 |  33.3
            +---------+---------+-------+---------+---------+-------
